 Dungeon Crawl Stone Soup version 0.29.1-1-gd02db6906a (webtiles) character file.

Game seed: 1830418309689730519

651 plutonium the Covered (level 7, 0/61 HPs)
             Began as a Minotaur Fighter on Sept 30, 2022.
             Slain by a wraith (9 damage)
             ... in an ossuary.
             The game lasted 00:05:47 (4304 turns).

plutonium the Covered (Minotaur Fighter)            Turns: 4304, Time: 00:05:48

Health: 0/61       AC:  8    Str: 23    XL:     7   Next: 28%
Magic:  8/8        EV:  9    Int:  5    God:
Gold:   412        SH:  5    Dex:  9    Spells: 6/6 levels left

rFire   . . .      SeeInvis .   a - +0 long sword
rCold   . . .      Faith    .   c - +0 buckler
rNeg    . . .      Spirit   .   b - +0 scale mail
rPois   .          Reflect  .   (helmet restricted)
rElec   .          Harm     .   (no cloak)
rCorr   .          Rampage  .   (no gloves)
Will    .....                   n - +0 pair of boots
Stlth   ..........              (no amulet)
HPRegen 0.20/turn               (no ring)
MPRegen 0.11/turn               (no ring)

@: slowed, very slow
A: horns 2, retaliatory headbutt
a: no special abilities


You were in an ossuary.
You visited 1 branch of the dungeon, and saw 4 of its levels.
You also visited: Ossuary.

You collected 412 gold pieces.

Inventory:

Hand Weapons
 a - a +0 long sword (weapon)
 i - a +1 dagger of speed
Armour
 b - a +0 scale mail (worn)
 c - a +0 buckler (worn)
 n - a +0 pair of boots (worn)
Jewellery
 g - a ring of ice
 j - an amulet of faith
 m - a +4 ring of evasion
Wands
 r - a wand of mindburst (5)
 v - a wand of digging (5)
Scrolls
 k - 2 scrolls of magic mapping
 o - a scroll of amnesia {unknown}
 u - a scroll of brand weapon {unknown}
 x - a scroll of butterflies {unknown}
Potions
 e - a potion of degeneration {unknown}
 f - a potion of ambrosia
 h - a potion of curing {unknown}
 p - a potion of cancellation {unknown}
 q - a potion of resistance
 s - a potion of attraction {unknown}
 w - a potion of magic {unknown}


   Skills:
 + Level 5.5 Fighting
 + Level 4.8 Long Blades
 + Level 5.5 Armour
 + Level 5.5 Shields
 + Level 3.3 Invocations


You had 6 spell levels left.
You didn't know any spells.
Your spell library contained the following spells:

 Spells                   Type           Power      Damage    Failure   Level
 Sandblast                Erth           0%         2d4       86%         1
 Passwall                 Tmut/Erth      0%         N/A       94%         2
 Stone Arrow              Conj/Erth      0%         3d7       99%         3


Dungeon Overview and Level Annotations

Branches:
Dungeon (4/15)            Ossuary (1/1)
 Temple: D:4-7

Altars:
Xom

Shops:
D:1 :


Innate Abilities, Weirdness & Mutations

You have a pair of horns on your head.
You reflexively headbutt those who attack you in melee.


Message History

You feel as though you will be slow longer.
You bump into the stone wall.
The wraith hits you but does no damage. The wraith closely misses you.
You bump into the stone wall.
You feel less invigorated.
You feel less confused. The wraith hits you!
* * * LOW HITPOINT WARNING * * *
Unknown command.
Unknown command.
Unknown command.
Unknown command.
You slash the wraith!
The wraith is heavily damaged.
The wraith barely misses you. You furiously retaliate!
You headbutt the wraith, but do no damage.
The wraith hits you.
* * * LOW HITPOINT WARNING * * *
You hit the wraith but do no damage.
The wraith is heavily damaged.
The wraith hits you.
* * * LOW HITPOINT WARNING * * *
The wraith drains your vigour!
You feel as though you will be slow longer.
The wraith closely misses you.
You hit the wraith but do no damage.
The wraith is heavily damaged.
The wraith hits you but does no damage. x2
Unknown command.
Unknown command.
Unknown command.
Unknown command.
You closely miss the wraith.
The wraith is heavily damaged.
The wraith hits you.
* * * LOW HITPOINT WARNING * * *
The wraith closely misses you.
You barely miss the wraith.
The wraith is heavily damaged.
The wraith hits you!
You die...

###############
#.............#
#@W##.###.##).#
#.#.#.# #.#.#.#
#.###.###.###.#
#.............#
#.............#
#.###.....###.#
#.#z#.....#z#.#
#.###.....###.#
#.............#


You could see a wraith and a flying skull.

Vanquished Creatures
  A wraith (Ossuary)
  A necrophage (D:3)
  3 wights (Ossuary)
  A hound (D:4)
  Jessica (D:2)
  Natasha (twice) (D:3)
  4 gnolls (D:3)
  5 adders
  An ufetubus (D:4)
  3 adder zombies (Ossuary)
  5 dart slugs
  5 orcs (D:3)
  3 ball pythons
  5 bats
  8 endoplasms
  6 giant cockroaches (D:3)
  9 goblins
  3 hobgoblins
  2 quokkas (D:3)
  4 frilled lizards
  A hobgoblin skeleton (Ossuary)
  2 hobgoblin zombies (Ossuary)
  3 kobolds
  2 orc skeletons (Ossuary)
  An orc zombie (Ossuary)
  5 rats
86 creatures vanquished.

Notes
Turn   | Place    | Note
-------+----------+-------------------------------------------
     0 | D:1      | plutonium the Minotaur Fighter began the quest for the Orb.
     0 | D:1      | Reached XP level 1. HP: 19/19 MP: 0/0
   178 | D:1      | Reached XP level 2. HP: 27/27 MP: 1/1
   276 | D:1      | Found Morugu's Book Emporium.
   587 | D:1      | Found a faded altar of an unknown god.
   973 | D:2      | Reached skill level 1 in Invocations
   980 | D:2      | Identified a scroll of acquirement
   980 | D:2      | Acquired 261 gold pieces
  1004 | D:2      | Reached XP level 3. HP: 33/33 MP: 2/2
  1438 | D:2      | Found a shimmering altar of Xom.
  1456 | D:2      | Noticed Jessica
  1461 | D:2      | Killed Jessica
  1696 | D:2      | Reached XP level 4. HP: 40/40 MP: 4/4
  1933 | D:3      | Noticed Natasha
  1938 | D:3      | Killed Natasha
  2063 | D:3      | Noticed Natasha
  2077 | D:3      | Killed Natasha
  2078 | D:3      | Reached XP level 5. HP: 30/47 MP: 5/5
  2642 | D:3      | Reached XP level 6. HP: 34/55 MP: 6/6
  3528 | D:4      | Found a sand-covered staircase.
  3542 | D:4      | Reached skill level 5 in Fighting
  3553 | D:4      | Reached skill level 5 in Armour
  3555 | Ossuary  | Entered an ossuary
  3651 | Ossuary  | Reached skill level 5 in Shields
  3759 | Ossuary  | Noticed a flying skull
  3759 | Ossuary  | Noticed a wraith
  3766 | Ossuary  | Noticed a flying skull
  3770 | Ossuary  | Noticed a flying skull
  4140 | Ossuary  | Noticed a wraith
  4146 | Ossuary  | Killed a wraith
  4147 | Ossuary  | Reached XP level 7. HP: 36/61 MP: 8/8
  4277 | Ossuary  | Noticed a wraith
  4304 | Ossuary  | Slain by a wraith

Illustrated notes

Levels and vault maps discovered:
D:1:      dpeg_arrival_chambers_temple_mockup, layout_basic,
          dreamdust_ecumenical_altar_hidden_monk_grotto, serial_shops,
          nicolae_lakefront_shop
D:2:      layout_basic, basic_altar, uniq_jessica
D:3:      layout_loops_corners, gup_sewer_entry_pipe, serial_bayou_pond_e,
          uniq_natasha
D:4:      layout_rooms, nicolae_ru_awakened_eye, lemuel_coloured_pillars_altar,
          minmay_temple_entry_glassed_door, enter_ossuary_3,
          hellmonk_ghost_happy_afterlife, uniq_crazy_yiuf_cottage
Ossuary:  ossuary_due_cavern

Skill      XL: |  1  2  3  4  5  6 |
---------------+-------------------+-----
Fighting       | 4 5 |  5.5
Invocations    | 1 2 3 |  3.3
Armour         | 4 5 |  5.5
Long Blades    | 3 4 |  4.8
Shields        | 4 5 |  5.5

Action                   |  1- 3 |  4- 6 |  7- 9 || total
-------------------------+-------+-------+-------++-------
Melee: Long sword        |    64 |   165 |    22 ||   251
       Headbutt          |     9 |    27 |     5 ||    41
  Use: Scroll            |     7 |     3 |       ||    10
       Potion            |       |     2 |     3 ||     5
Armor: Scale mail        |    35 |    81 |     9 ||   125
Dodge: Dodged            |    32 |    77 |    11 ||   120
Block: Buckler           |    15 |    46 |     4 ||    65
